 Dungeon Crawl Stone Soup version 0.14-a0-1297-g3d87a2a (webtiles) character file.

71587 PolkaDot the Cloud Mage (level 14, -4/92 (95) HPs)
             Began as a Vampire Conjurer on Dec 4, 2013.
             Was the Champion of Sif Muna.
             Slain by an ettin
             ... wielding a +0,+0 great mace
              (8 damage)
             ... on Level 2 of the Orcish Mines.
             The game lasted 05:25:45 (41629 turns).

PolkaDot the Cloud Mage (Vampire Conjurer)         Turns: 41629, Time: 05:25:45

HP  -4/92 (95)   AC 14     Str  7      XL: 14   Next: 93%
MP  29/45        EV 17     Int 22      God: Sif Muna [******]
Gold 1376        SH  8     Dex 14      Spells:  7 memorised,  5 levels left

rFire  . . .     SeeInvis +     b - staff of power
rCold  . . .     Clarity  .     r - +0 steam dragon armour
rNeg   + . .     Conserve .     v - +0 buckler
rPois  .         rCorr    .     (no helmet)
rElec  .         rRot     .     p - +0 cloak
SustAb . .       Spirit   .     i - +1 pair of gloves
rMut   .         Warding  .     E - +0 pair of boots
Saprov . . .     Stasis   .     (no amulet)
                                s - +5 ring of protection
                                F - ring "Ruesuy" {EV+5 Int+1 Stlth+}

@: about to teleport, somewhat resistant to hostile enchantments, quite stealthy
A: bottle blood, fangs 3, see invisible, unbreathing
a: Bat Form, Bottle Blood, Channel Energy, Forget Spell, Renounce Religion


You were on level 2 of the Orcish Mines.
You worshipped Sif Muna.
Sif Muna was exalted by your worship.
You were not thirsty.

You visited 4 branches of the dungeon, and saw 23 of its levels.
You also visited: Ossuary, Ice Cave and Volcano.

You collected 1856 gold pieces.
You spent 480 gold pieces at shops.

Inventory:

Hand weapons
 a - a +3,+1 elven sabre of slicing
Armour
 i - a +1 pair of gloves (worn)
 p - a +0 cloak (worn)
 r - a +0 steam dragon armour (worn)
 v - a +0 buckler (worn)
 E - a +0 pair of boots (worn)
Magical devices
 e - a wand of disintegration (0)
 t - a wand of teleportation (0)
 A - a wand of invisibility (0)
 D - a wand of disintegration (10)
Scrolls
 o - 8 scrolls of identify
 u - 3 scrolls of remove curse
 y - 8 scrolls of teleportation
Jewellery
 s - a +5 ring of protection (right hand)
 F - the ring "Ruesuy" (left hand) {EV+5 Int+1 Stlth+}
   (You found it on level 10 of the Dungeon)

   [ring of evasion]

   It affects your evasion (+5).
   It affects your intelligence (+1).
   It makes you much more stealthy.
Potions
 d - a potion of flight
 h - a potion of curing
 j - a potion of might
 k - 4 potions of restore abilities
 l - a potion of agility
 m - a potion of resistance
 n - 2 potions of brilliance
 x - a potion of speed
 z - a potion of lignification
Books
 c - Sif Muna's Theurgy Continued
   (Sif Muna gifted it to you on level 4 of the Lair of Beasts)

   Spells                             Type                      Level
   Repel Missiles                     Charms/Air                   2
   Swiftness                          Charms/Air                   2
   Lethal Infusion                    Charms/Necromancy            2
   *Searing Ray                       Conjuration                  2
   Ensorcelled Hibernation            Hexes/Ice                    2
 f - Sif Muna's Handbook of Hurtful Weightlessness
   (Sif Muna gifted it to you on level 4 of the Lair of Beasts)

   Spells                             Type                      Level
   Shock                              Conjuration/Air              1
   Airstrike                          Air                          4
   Freezing Cloud                     Conjuration/Ice/Air          6
   Chain Lightning                    Conjuration/Air              8
 w - a book of the Tempests

   Spells                             Type                      Level
   *Static Discharge                  Conjuration/Air              3
   *Lightning Bolt                    Conjuration/Air              5
   Fireball                           Conjuration/Fire             5
   Tornado                            Air                          9
   Shatter                            Earth                        9
 C - Sif Muna's Reference Book on Feathery Execration
   (Sif Muna gifted it to you in an ice cave)

   Spells                             Type                      Level
   Confusing Touch                    Hexes                        1
   *Static Discharge                  Conjuration/Air              3
   Confuse                            Hexes                        3
   Silence                            Hexes/Air                    5
   Poisonous Cloud                    Conjuration/Poison/Air       6
Magical staves
 b - an uncursed staff of power (weapon)


   Skills:
 - Level 4.2 Fighting
 - Level 2.8 Dodging
 - Level 3.0 Stealth
 - Level 1.3 Shields
 * Level 7.3 Spellcasting
 + Level 14.3 Conjurations
 - Level 11.7 Hexes
 + Level 14.4 Air Magic


You had 5 spell levels left.
You knew the following spells:

 Your Spells              Type           Power        Failure   Level  Hunger
a - Magic Dart            Conj           ####         1%          1    None
d - Iskenderun's Mystic   Conj           ######..     1%          4    ###....
f - Fulminant Prism       Conj/Hex       ######....   1%          5    ####...
q - Blink                 Tloc           N/A          14%         2    None
s - Searing Ray           Conj           ######       1%          2    None
x - Lightning Bolt        Conj/Air       ######....   1%          5    ####...
z - Static Discharge      Conj/Air       ######..     1%          3    None


Dungeon Overview and Level Annotations

Branches:
Dungeon (11/16)            Temple (1/1) D:4             Orc (3/4) D:9
   Lair (8/8) D:10          Swamp (0/5) Lair:5        Snake (0/5) Lair:4
 Spider (0/5) Lair:6        Slime (0/6) Lair:7
    Elf: Orc:3-4

Altars:
Ashenzari
Cheibriados
Elyvilon
Fedhas
Kikubaaqudgha
Makhleb
Nemelex Xobeh
Okawaru
Sif Muna
Trog
Vehumet
Xom
Yredelemnul
Zin
the Shining One
Jiyva

Shops:
D:5 (/%!(   D:9 /

Annotations:
Orc:3 Harold, Sonja


Innate Abilities, Weirdness & Mutations

You can bottle blood from corpses.
You have razor-sharp teeth.*
You have supernaturally acute eyesight.
You can survive without breathing.*


Message History

Aiming: Iskenderun's Mystic Blast
Press: ? - help, Shift-Dir - straight line, f - you, p - ettin
Okay, then.
Casting: Iskenderun's Mystic Blast
Confirm with . or Enter, or press ? or * to list all spells.
Aiming: Fulminant Prism
Press: ? - help, Dir - move target cursor, p - ettin You conjure a prism of explosive energy!
You start resting.
Your fulminant prism crackles loudly.
You start resting.
Your fulminant prism explodes!
Read which item? (? for menu, Esc to quit)
As you read the scroll of teleportation, it crumbles to dust.
You feel strangely unstable.
Casting: Fulminant Prism
Confirm with . or Enter, or press ? or * to list all spells.
You miscast Blink.
Nothing appears to happen.
The ettin hits you with a great mace!
You die...

###...#### #..)[##
##.#)..##.###..(.##
#.....##...#...(..#
##....###....#.....##
#......#.....)......#
##.#.........>......#
#####.##..<.....#.##
###...%#[....##
#@C.)#.%...##
##.##))).###
#####....# ###..##
#...# ##.## ###


You could see an ettin.

Vanquished Creatures
  A frost giant (IceCv)
  5 hydras
  A naga warrior (Lair:4)
  14 death yaks
  Urug (D:10)
  Nergalle (Orc:1)
  3 catoblepae (Lair:8)
  An ice statue (IceCv)
  Erolcha (D:9)
  A lindwurm (Volcano)
  5 black mambas
  A queen ant (Lair:4)
  A feature mimic (Lair:4)
  14 spiny frogs
  7 komodo dragons
  6 fire drakes
  Grinder (D:4)
  A hydra zombie (D:10)
  18 polar bears
  26 blink frogs
  5 basilisks
  3 wyverns
  Eustachio (D:9)
  2 sharks (Lair:2)
  70 yaks
  2 elephant slugs (Lair:4)
  2 hungry ghosts
  A clay golem (Volcano)
  A steam dragon (D:8)
  7 hippogriffs
  31 wolves
  20 soldier ants (Lair:4)
  A molten gargoyle (Volcano)
  A manticore (Volcano)
  5 orc warriors
  12 ice beasts
  6 nagas (Lair:4)
  17 porcupines
  A phantom (Lair:1)
  5 ogres
  A hell hound (Volcano)
  2 black bears
  2 sky beasts
  A giant goldfish (Lair:2)
  5 boring beetles
  25 crocodiles
  5 fire bats (Volcano)
  3 centaurs
  5 giant slugs
  10 giant frogs
  13 water moccasins
  7 agate snails
  2 insubstantial wisps (Lair:5)
  2 jellyfish (Lair:2)
  A troll zombie (D:8)
  10 wights (D:8)
  A yak skeleton (D:9)
  12 crimson imps
  9 orc priests
  2 big fish (Lair:2)
  4 goliath beetles
  17 hounds
  A basilisk zombie (D:11)
  8 jellies
  3 fulminant prisms
  8 orc wizards
  3 scorpions
  8 iguanas
  An orange rat (D:6)
  A two-headed ogre skeleton (D:7)
  26 worker ants
  16 sheep
  A big kobold zombie (Ossuary)
  A hound zombie (D:9)
  An ogre skeleton (D:5)
  11 mummies
  A worker ant zombie (D:6)
  2 big fish zombies (D:5)
  15 adders
  8 giant centipedes
  3 gnolls (D:4)
  4 giant mites
  47 green rats
  An inept feature mimic (D:4)
  2 inept item mimics
  3 worms
  An iguana zombie (D:8)
  An adder skeleton (D:9)
  An adder zombie (D:5)
  A giant eyeball (D:5)
  2 oozes
  69 orcs
  A ball python (D:2)
  19 bats
  A bat skeleton (D:5)
  10 giant cockroaches
  2 gnoll zombies (Ossuary)
  22 goblins
  15 hobgoblins
  30 jackals
  16 quokkas
  11 giant geckos
  4 giant newts
  A giant spore (D:8)
  A goblin zombie (D:5)
  3 hobgoblin zombies (Ossuary)
  22 kobolds
  A kobold skeleton (D:8)
  2 kobold zombies (Ossuary)
  24 rats
  12 ballistomycetes (D:8)
  19 fungi
  6 plants
913 creatures vanquished.

Vanquished Creatures (others)
  2 wights (D:8)
  282 fulminant prisms
  An orc (D:4)
  2 giant spores (D:8)
  3 ballistomycetes (D:8)
  28 fungi
  16 plants
334 creatures vanquished.

Grand Total: 1247 creatures vanquished

Notes
Turn   | Place    | Note
--------------------------------------------------------------
     0 | D:1      | PolkaDot, the Vampire Conjurer, began the quest for the Orb.
     0 | D:1      | Reached XP level 1. HP: 13/13 MP: 3/3
   292 | D:1      | Reached XP level 2. HP: 19/19 MP: 1/4
   901 | D:2      | Found a glowing golden altar of the Shining One.
  1306 | D:2      | Learned a level 2 spell: Searing Ray
  1313 | D:2      | Reached XP level 3. HP: 7/24 MP: 0/6
  1631 | D:2      | Found a sparkling altar of Nemelex Xobeh.
  1684 | D:3      | Noticed a centaur
  1684 | D:3      | Noticed a centaur
  1684 | D:3      | Noticed a centaur
  1952 | D:3      | Reached skill level 4 in Conjurations
  2304 | D:3      | Found an iron altar of Okawaru.
  2469 | D:3      | Noticed a centaur
  2488 | D:4      | Found a shimmering altar of Xom.
  2492 | D:4      | Reached XP level 4. HP: 21/30 MP: 7/7
  2498 | D:4      | Learned a level 4 spell: Iskenderun's Mystic Blast
  2891 | D:4      | Reached XP level 5. HP: 33/35 MP: 3/9
  2918 | D:4      | Reached skill level 5 in Conjurations
  3025 | D:4      | Found a shattered altar of Ashenzari.
  3025 | D:4      | Found a staircase to the Ecumenical Temple.
  3036 | Temple   | Entered the Ecumenical Temple
  3174 | Temple   | Became a worshipper of Sif Muna the Loreminder
  3236 | D:4      | Found a sand-covered staircase.
  3257 | Ossuary  | Entered an ossuary
  3731 | Ossuary  | Reached XP level 6. HP: 2/41 MP: 2/10
  4554 | D:4      | Reached skill level 6 in Conjurations
  5005 | D:4      | Found a shimmering altar of Xom.
  5005 | D:4      | Found a shimmering altar of Xom.
  5011 | D:4      | Found a shimmering altar of Xom.
  5012 | D:4      | Found a shimmering altar of Xom.
  5013 | D:4      | Found a shimmering altar of Xom.
  5166 | D:4      | Noticed Grinder
  5194 | D:4      | Killed Grinder
  5194 | D:4      | Acquired Sif Muna's first power
  5194 | D:4      | Reached XP level 7. HP: 20/46 MP: 1/12
  5924 | D:5      | Entered Level 5 of the Dungeon
  5924 | D:5      | Found Voixyiso's Magical Wand Boutique.
  5932 | D:5      | Bought a wand of teleportation (4) for 312 gold pieces
  5941 | D:5      | Reached skill level 7 in Conjurations
  6055 | D:5      | Found a glowing silver altar of Zin.
  6328 | D:5      | Paralysed by a giant eyeball for 3 turns
  6432 | D:5      | Found Phauvannu's Food Shoppe.
  6598 | D:5      | Found Toraylul's Weapon Boutique.
  6824 | D:5      | Found a basalt altar of Yredelemnul.
  6890 | D:5      | Acquired Sif Muna's second power
  6919 | D:5      | Found Qoxkadit's Distillery.
  6928 | D:5      | Bought a potion of heal wounds for 39 gold pieces
  6930 | D:5      | Found Cesuomaa's Antique Weapon Boutique.
  6934 | D:5      | Bought an elven sabre for 129 gold pieces
  7183 | D:5      | Reached XP level 8. HP: 52/52 MP: 8/13
  7550 | D:6      | Reached skill level 8 in Conjurations
  7951 | D:6      | Found a burning altar of Makhleb.
  8054 | D:6      | Noticed Ijyb
  8058 | D:6      | Noticed Ijyb
  8058 | D:6      | Ijyb changed into Ijyb the orange rat
  8063 | D:6      | Killed Ijyb the orange rat
  8226 | D:6      | Reached skill level 9 in Conjurations
  8838 | D:7      | Reached XP level 9. HP: 57/57 MP: 4/14
  9015 | D:7      | Learned a level 5 spell: Fulminant Prism
  9418 | D:8      | Reached skill level 1 in Hexes
  9573 | D:8      | Reached skill level 10 in Conjurations
  9741 | D:8      | Acquired Sif Muna's third power
 10262 | D:8      | Reached skill level 5 in Hexes
 11151 | D:8      | Paralysed by a giant eyeball for 3 turns
 11741 | D:9      | Reached XP level 10. HP: 59/63 MP: 5/16
 11801 | D:9      | Found a staircase to the Orcish Mines.
 11865 | D:9      | Reached skill level 11 in Conjurations
 12127 | D:9      | Found Tury's Magical Wand Shoppe.
 12424 | D:9      | Noticed Eustachio
 12434 | D:9      | Killed Eustachio
 12753 | D:10     | Entered Level 10 of the Dungeon
 12893 | D:10     | Noticed Urug
 13188 | D:10     | Killed Urug
 13188 | D:10     | Received a gift from Sif Muna
 13189 | D:10     | Identified Skenarph's Guide on Entrancing Arcane Weapons (Sif Muna gifted it to you on level 10 of the Dungeon)
 14270 | D:10     | Reached skill level 12 in Conjurations
 14410 | D:10     | Found a staircase to the Lair.
 14473 | D:10     | Reached XP level 11. HP: 68/68 MP: 1/17
 14673 | D:10     | Got an ancient lead ring
 14674 | D:10     | Identified the ring "Ruesuy" {EV+5 Int+1 Stlth+} (You found it on level 10 of the Dungeon)
 14715 | Lair:1   | Entered Level 1 of the Lair of Beasts
 14729 | D:10     | Reached skill level 10 in Hexes
 14883 | Lair:1   | Found a deep blue altar of Sif Muna.
 15730 | Lair:2   | Learned a level 3 spell: Static Discharge
 15853 | Lair:2   | Reached skill level 1 in Air Magic
 16253 | Lair:2   | Received a gift from Sif Muna
 16254 | Lair:2   | Identified Sif Muna's Guide on Fetching Confrontation (Sif Muna gifted it to you on level 2 of the Lair of Beasts)
 16680 | Lair:2   | Reached skill level 5 in Spellcasting
 18053 | Lair:2   | Learned a level 5 spell: Lightning Bolt
 18293 | Lair:3   | Reached skill level 5 in Air Magic
 18578 | Lair:3   | Reached XP level 12. HP: 74/74 MP: 5/24
 19665 | Lair:4   | Noticed a four-headed hydra
 19862 | Lair:4   | Killed a four-headed hydra
 19862 | Lair:4   | Received a gift from Sif Muna
 19867 | Lair:4   | Identified Sif Muna's Theurgy Continued (Sif Muna gifted it to you on level 4 of the Lair of Beasts)
 21001 | Lair:3   | Noticed an eight-headed hydra
 21013 | Lair:3   | HP: 1/74 [eight-headed hydra (12)]
 21018 | Lair:3   | Killed an eight-headed hydra
 21548 | D:11     | HP: 3/74 [ogre/giant club (11)]
 22731 | Lair:4   | Received a gift from Sif Muna
 22732 | Lair:4   | Identified Sif Muna's Handbook of Hurtful Weightlessness (Sif Muna gifted it to you on level 4 of the Lair of Beasts)
 22870 | Lair:4   | Reached skill level 10 in Air Magic
 22910 | Lair:4   | Reached skill level 13 in Conjurations
 23710 | Lair:4   | Reached skill level 1 in Fighting
 23782 | Lair:4   | Found a staircase to the Snake Pit.
 23875 | Lair:4   | Reached XP level 13. HP: 78/81 MP: 2/25
 25206 | Lair:5   | Found a staircase to the Swamp.
 27420 | Lair:5   | Received a gift from Sif Muna
 27429 | Lair:5   | Identified Veroys' Reference Book on Conjuration (Sif Muna gifted it to you on level 5 of the Lair of Beasts)
 27820 | Lair:6   | Found a hole to the Spider Nest.
 27862 | Lair:6   | Learned a level 2 spell: Repel Missiles
 27866 | Lair:6   | Learned a level 2 spell: Blink
 28803 | Lair:7   | Found a dark tunnel.
 28813 | Volcano  | Entered a volcano
 29399 | Volcano  | Found a bloodstained altar of Trog.
 30277 | Lair:7   | Found a viscous altar of Jiyva.
 30277 | Lair:7   | Found a staircase to the Slime Pits.
 30293 | Lair:7   | Reached skill level 1 in Shields
 30816 | Lair:8   | Entered Level 8 of the Lair of Beasts
 33359 | Lair:8   | Reached XP level 14. HP: 79/95 MP: 21/26
 33445 | Lair:8   | Found a frozen archway.
 33488 | IceCv    | Entered an ice cave
 33908 | IceCv    | Received a gift from Sif Muna
 33918 | IceCv    | Identified Sif Muna's Reference Book on Feathery Execration (Sif Muna gifted it to you in an ice cave)
 35255 | IceCv    | Noticed a frost giant
 35259 | IceCv    | Reached skill level 14 in Conjurations
 35972 | IceCv    | Killed a frost giant
 35974 | IceCv    | Got a slimy bone ring
 35998 | IceCv    | Identified the ring "Neoreek" {MR Str-4 Dex+5} (You took it off a frost giant in an ice cave)
 36381 | IceCv    | dondy: hmm, why is your ac so low? :o
 36381 | IceCv    | PolkaDot: good question
 36381 | IceCv    | dondy: swap back the AC ring
 36381 | IceCv    | PolkaDot: oh I know
 36381 | IceCv    | PolkaDot: ^
 36381 | IceCv    | PolkaDot: was gonna say that xD
 36381 | IceCv    | dondy: hehe
 36381 | IceCv    | PolkaDot: Thanks
 36381 | IceCv    | PolkaDot: that might've killed me >.>
 36383 | IceCv    | dondy: was going to wait until you stood directly in front of a hydra
 36385 | Lair:8   | dondy: but what's the fun in that...
 36385 | Lair:8   | PolkaDot: xD
 36385 | Lair:8   | PolkaDot: Hydras don't generally get that close :p
 36385 | Lair:8   | PolkaDot: unless they're about to die anyways
 36385 | Lair:8   | PolkaDot: Cj ftw
 36448 | Lair:8   | dondy: <-- had to learn dmsl because i couldn't find rmsl -.-'
 36451 | Lair:8   | PolkaDot: :o
 36451 | Lair:8   | PolkaDot: That kidna sucks
 36451 | Lair:8   | PolkaDot: a lot of xp to spend if you haven't got the charms/air already :s
 36453 | Lair:8   | dondy: yeah, but i also got poison cloud and haste in the process - i guess it's fine
 36454 | Lair:8   | PolkaDot: :D
 36454 | Lair:8   | PolkaDot: Work it out ;p
 36454 | Lair:8   | dondy: doing that :}
 36454 | Lair:8   | PolkaDot: :D
 36539 | Lair:8   | dondy: HIDRAAAAA
 36544 | Lair:8   | dondy: lol
 36544 | Lair:8   | PolkaDot: easy peasy
 36544 | Lair:8   | dondy: hydra nomnom'ing prism
 36544 | Lair:8   | PolkaDot: Quite
 36554 | Lair:8   | dondy: seriously - prisms damage makes me sad
 36560 | Lair:8   | PolkaDot: All the destructive potential gone to waste
 36560 | Lair:8   | dondy: esp. when i remember how Cj had freezing cloud in it's book
 36560 | Lair:8   | PolkaDot: :o
 36560 | Lair:8   | PolkaDot: Another bous for P.Cloud
 36560 | Lair:8   | dondy: freezing cloud, bolt of cold, lightning bolt...
 36560 | Lair:8   | dondy: hmm?
 36560 | Lair:8   | PolkaDot: Prisms can sit int hem :)
 36560 | Lair:8   | PolkaDot: pretty sure they take damage from F.Cloud
 36560 | Lair:8   | PolkaDot: but not P.Cloud :D
 36560 | Lair:8   | dondy: hmm, i don't think so
 36560 | Lair:8   | PolkaDot: No?
 36560 | Lair:8   | PolkaDot: I'll have to test
 36560 | Lair:8   | dondy: hmm
 36568 | Lair:8   | dondy: ahhh
 36569 | Lair:8   | dondy: you're right
 36569 | Lair:8   | PolkaDot: :p
 36577 | Lair:8   | dondy: prism only has rC/rF but rP+++
 36578 | Lair:8   | PolkaDot: :D
 36584 | Lair:8   | dondy: what a wuss prism
 36621 | Lair:8   | PolkaDot: xD
 36621 | Lair:8   | PolkaDot: But so much powah!
 36676 | Lair:8   | dondy: hmm, maybe you train more hexes than i would on a cj
 36682 | Lair:7   | PolkaDot: I do have the apt for it
 36682 | Lair:7   | dondy: urgh, stop showing me the -3 xO
 36682 | Lair:7   | PolkaDot: >:D
 36682 | Lair:7   | dondy: it hurts, HUUURRTS
 36682 | Lair:7   | PolkaDot: I don't need no stinking "good apt"
 36682 | Lair:7   | PolkaDot: I find it ironic
 36682 | Lair:7   | PolkaDot: that I'm going to get ice skill
 36682 | Lair:7   | PolkaDot: but could still cast fireball xD
 36911 | Lair:8   | dondy: heh, dual school spells are nice like that
 36912 | Lair:8   | PolkaDot: :D
 36912 | Lair:8   | dondy: also, you should really do a DECj sometime :p
 36912 | Lair:8   | PolkaDot: I should
 36912 | Lair:8   | PolkaDot: but
 36912 | Lair:8   | PolkaDot: I'd be confused
 36912 | Lair:8   | PolkaDot: Like, "WOA... I can cast this like that already?!"
 36912 | Lair:8   | PolkaDot: :P
 36912 | Lair:8   | dondy: hehehe
 36913 | Lair:8   | PolkaDot: oops
 36913 | Lair:8   | PolkaDot: typo
 36913 | Lair:8   | dondy: hu? chicken mode? :p
 36915 | Lair:8   | PolkaDot: xD
 36915 | Lair:8   | PolkaDot: Accident!
 36915 | Lair:8   | PolkaDot: Spiny frogs aren't even a threat on their own anymore
 36915 | Lair:8   | dondy: a wonder you're still alive :p
 36915 | Lair:8   | PolkaDot: I do wonder :p
 36955 | Lair:8   | dondy: HIDRAAAA
 36956 | Lair:8   | dondy: rawr
 36961 | Lair:8   | PolkaDot: Hrm.
 36961 | Lair:8   | PolkaDot: A slight pickle
 36961 | Lair:8   | PolkaDot: But I don't want to escape
 36961 | Lair:8   | dondy: you probably should run and get some mana
 36961 | Lair:8   | PolkaDot: Not with a Cato nealy dead
 36962 | Lair:8   | dondy: if you cast now hydra will be close again
 36963 | Lair:8   | PolkaDot: Yep
 36963 | Lair:8   | PolkaDot: BUT
 36964 | Lair:8   | dondy: >o> yes?
 36964 | Lair:8   | PolkaDot: It looked frightened
 36964 | Lair:8   | PolkaDot: so it bit me
 36964 | Lair:8   | PolkaDot: ;.;
 36964 | Lair:8   | PolkaDot: it was s'posed to run away
 36964 | Lair:8   | dondy: i don't think hydra was impressed
 36964 | Lair:8   | dondy: you could run and swift close to stairs
 36964 | Lair:8   | PolkaDot: quite
 36964 | Lair:8   | PolkaDot: no I couldn't
 36964 | Lair:8   | dondy: might survive another round of attacks
 36964 | Lair:8   | PolkaDot: Haven't got swift memorised
 36964 | Lair:8   | dondy: oh
 36964 | Lair:8   | PolkaDot: Buuut
 36964 | Lair:8   | PolkaDot: SPEED
 37003 | Lair:8   | dondy: bad stairs
 37015 | Lair:8   | dondy: lol
 37046 | Lair:7   | PolkaDot: Death Yaks ;.;
 37264 | Lair:7   | dondy: yeah, they're so unconsiderate
 37279 | Lair:7   | PolkaDot: quite so
 37279 | Lair:7   | PolkaDot: I'll LoB 'em if I can be bothered to find 'em later
 37279 | Lair:7   | dondy: like, HELLO? i'm trying to win here... shoo! shooo!
 37279 | Lair:7   | PolkaDot: xD
 37392 | Lair:8   | dondy: imb so mana inefficient :<
 37394 | Lair:8   | PolkaDot: Yep
 37394 | Lair:8   | PolkaDot: But quieter than FP or LoB
 37406 | Lair:8   | dondy: LB or BoL :p
 37409 | Lair:8   | dondy: lightning of bolt sounds silly
 37409 | Lair:8   | PolkaDot: >.<
 37409 | Lair:8   | PolkaDot: Distracted, ok xP
 37417 | Lair:8   | dondy: i'm doing my best
 37418 | Lair:8   | PolkaDot: ??
 37654 | Lair:8   | PolkaDot: ~.~
 37654 | Lair:8   | dondy: distracting so i get my xom like entertainment, btw.
 37654 | Lair:8   | PolkaDot: Is it stupid?
 37654 | Lair:8   | dondy: i guess you should really kill stuff outside of here
 37654 | Lair:8   | PolkaDot: I was trying to
 37654 | Lair:8   | dondy: if that hydra wanders in this tunnel
 37654 | Lair:8   | PolkaDot: but the Cato wouldn't follow
 37654 | Lair:8   | dondy: you could have a problem
 37654 | Lair:8   | PolkaDot: Yeah
 37654 | Lair:8   | PolkaDot: Ergo, keeping quietish
 37659 | Lair:8   | dondy: ninja stone :s
 37659 | Lair:8   | PolkaDot: Crap
 37667 | Lair:8   | dondy: "i'm just a statue, don't mind me" :D
 37675 | Lair:8   | PolkaDot: xD
 37675 | Lair:8   | PolkaDot: Invisistone!
 37808 | Lair:8   | dondy: silent LIGHTNING BOLT!!
 37808 | Lair:8   | PolkaDot: ... Hm.
 37826 | Lair:8   | PolkaDot: that... is increcibly stpid
 37826 | Lair:8   | PolkaDot: incredibly stupid*
 37826 | Lair:8   | PolkaDot: and explains my lack of escape options
 37871 | Lair:7   | dondy: hmmm?
 37872 | Lair:7   | dondy: OH
 37872 | Lair:7   | dondy: LOL
 37872 | Lair:7   | PolkaDot: ~.~;
 37872 | Lair:7   | PolkaDot: Didn't want them to burn
 37872 | Lair:7   | PolkaDot: THEN FORGOT ABOUT THEM
 37872 | Lair:7   | dondy: well, that kind of worked
 37872 | Lair:7   | PolkaDot: xD;
 37932 | Lair:8   | dondy: also, you should use dazzle more
 37938 | Lair:8   | dondy: it's excellent
 37938 | Lair:8   | PolkaDot: I haven't learnt dazzle
 37938 | Lair:8   | PolkaDot: >.>
 37938 | Lair:8   | PolkaDot: <.<
 37938 | Lair:8   | dondy: WAT
 37938 | Lair:8   | PolkaDot: bit silly really
 37938 | Lair:8   | dondy: it's a HD based blind
 37938 | Lair:8   | PolkaDot: Got distracted
 37938 | Lair:8   | PolkaDot: by that
 37938 | Lair:8   | dondy: you can use it up to zot...
 37938 | Lair:8   | PolkaDot: I was like... BoL!!
 37938 | Lair:8   | dondy: LB*
 37938 | Lair:8   | PolkaDot: I'll get it
 37938 | Lair:8   | PolkaDot: Same diff
 37938 | Lair:8   | PolkaDot: ~.~;
 37938 | Lair:8   | PolkaDot: old habit
 38008 | Lair:8   | dondy: dazzle is esp. great if you're going for orc soon
 38021 | Lair:8   | dondy: dazzling those silly priests and sorcs :)
 38021 | Lair:8   | PolkaDot: Oh?
 38021 | Lair:8   | PolkaDot: ahhh yes
 38021 | Lair:8   | PolkaDot: essentially works like confuse?
 38036 | Lair:8   | dondy: hmm, it's like going invis
 38037 | Lair:8   | dondy: so yeah
 38037 | Lair:8   | PolkaDot: :D
 38037 | Lair:8   | dondy: but it doesn't check for MR but HD
 38037 | Lair:8   | PolkaDot: I should get it for a stabber one day
 38037 | Lair:8   | dondy: which makes it great
 38043 | Lair:8   | PolkaDot: NOW tell me LB is terrible :p
 38053 | Lair:8   | dondy: it's poop :p
 38153 | Lair:8   | dondy: (didn't watch ;)
 38153 | Lair:8   | PolkaDot: :o
 38153 | Lair:8   | PolkaDot: Butbutbut
 38153 | Lair:8   | dondy: you asked for it :p
 38153 | Lair:8   | PolkaDot: Like, 4 casts ;.;
 38153 | Lair:8   | PolkaDot: And it obliterates them
 38252 | Lair:8   | dondy: gonna make food, gl ! :)
 38252 | Lair:8   | PolkaDot: enjoy o/
 38252 | Lair:8   | dondy: \o/
 38252 | Lair:8   | PolkaDot: that said
 38252 | Lair:8   | PolkaDot: I have errands to run, so brb :)
 38299 | Lair:8   | Received a gift from Sif Muna
 39532 | Orc:1    | Entered Level 1 of the Orcish Mines
 39532 | Orc:1    | Noticed Erolcha
 39543 | D:9      | Killed Erolcha
 39915 | Orc:2    | Noticed Nergalle
 40334 | Orc:1    | HP: 1/92 [Nergalle/dispel undead (43)]
 40336 | Orc:1    | Killed Nergalle
 41145 | Orc:3    | Noticed Harold
 41151 | Orc:3    | Noticed Sonja
 41622 | Orc:2    | HP: 2/92 [ettin/great mace (4)]
 41629 | Orc:2    | Slain by an ettin

Action                   |  1- 3 |  4- 6 |  7- 9 | 10-12 | 13-15 || total
-------------------------+-------+-------+-------+-------+-------++-------
Melee: Unarmed           |    10 |       |       |       |       ||    10
       Dagger            |    61 |       |    60 |       |       ||   121
       Short sword       |    25 |   104 |    55 |       |       ||   184
       Sabre             |       |       |   210 |   483 |   197 ||   890
       Staff             |       |       |       |       |    42 ||    42
 Cast: Magic Dart        |    39 |    30 |    16 |    36 |    14 ||   135
       Searing Ray       |     6 |    23 |    68 |   105 |    84 ||   286
       Iskenderun's Myst |       |     1 |    46 |   124 |   157 ||   328
       Fulminant Prism   |       |       |       |   131 |   154 ||   285
       Static Discharge  |       |       |       |     4 |    39 ||    43
       Lightning Bolt    |       |       |       |    21 |    82 ||   103
       Blink             |       |       |       |       |     8 ||     8
Invok: Channel Energy    |       |       |    47 |   452 |   553 ||  1052
       Forget Spell      |       |       |       |       |     1 ||     1
 Abil: Evoke Flight      |       |       |     1 |       |       ||     1
       End Transformatio |       |       |       |       |     3 ||     3
       Bat Form          |       |       |       |       |     3 ||     3
       Bottle Blood      |       |       |       |       |     1 ||     1
Evoke: Wand              |       |       |     6 |    11 |    10 ||    27
  Use: Potion            |     1 |     7 |       |     8 |    15 ||    31
       Scroll            |       |    14 |     6 |    19 |    15 ||    54
 Stab: Sleeping          |     8 |     3 |    10 |     7 |     2 ||    30
       Distracted        |       |       |     1 |     1 |     1 ||     3
       Invisible         |       |       |       |     2 |     2 ||     4
